| TOP OF THE 1ST |
|
Lakewood BlueClaws batting - Pitching for Peoria Chiefs : RHP Nick Butler
|
|
Pitching: RHP Nick Butler
|
|
|
Batting: LHB Matt Urbanek
|
0-0: Called Strike 0-1: Ground out 6-3 (Groundball, 6, EV 78.1 MPH)
|
|
Batting: RHB Mike Bell
|
0-0: Called Strike 0-1: Called Strike 0-2: Ball 1-2: Strikes out looking
|
|
Batting: LHB Eric Farren
|
0-0: Swinging Strike 0-1: Fly out, F9 (Flyball, 89M, EV 95.6 MPH)
|
| Top of the 1st over - 0 runs, 0 hits, 0 errors, 0 left on base; Lakewood 0 - Peoria 0 |
| BOTTOM OF THE 1ST |
|
Peoria Chiefs batting - Pitching for Lakewood BlueClaws : RHP Tony Ferreira
|
|
Pitching: RHP Tony Ferreira
|
|
|
Batting: RHB Robby Hickman
|
0-0: Ball 1-0: Foul Ball, location: 2F 1-1: Foul Ball, location: 2F 1-2: Foul Ball, location: 2F 1-2: Foul Ball, location: 2F 1-2: Foul Ball, location: 2F 1-2: SINGLE (Groundball, 6MD, EV 101.9 MPH)
|
|
Batting: LHB Ken Morehead
|
0-0: Ball 1-0: Grounds into double play, 4-6-3 (Groundball, 4, EV 109.4 MPH)
|
|
Batting: RHB Ricky Yerzy
|
0-0: Ball 1-0: Ball 2-0: Called Strike 2-1: Foul Ball, location: 2F 2-2: Ball 3-2: Base on Balls
|
|
Batting: SHB Gerardo Macias
|
0-0: Called Strike 0-1: Foul Ball, location: 2F 0-2: Ball 1-2: Ball 2-2: Foul Ball, location: 2F 2-2: Ground out 4-3 (Groundball, 34, EV 98.1 MPH)
|
| Bottom of the 1st over - 0 runs, 1 hit, 0 errors, 1 left on base; Lakewood 0 - Peoria 0 |
| TOP OF THE 2ND |
|
Lakewood BlueClaws batting - Pitching for Peoria Chiefs : RHP Nick Butler
|
|
Batting: RHB Victor Arias
|
0-0: Foul Ball, location: 2F 0-1: Ball 1-1: Swinging Strike 1-2: Ball 2-2: SINGLE (Groundball, 56D, EV 100.0 MPH)
|
|
Batting: LHB Joel Moore
|
0-0: Foul Ball, location: 2F 0-1: Called Strike 0-2: Fielders Choice at 2nd, 4-6 (Groundball, 34S, EV 81.2 MPH)
|
|
Batting: RHB Trent Hedrick
|
0-0: DOUBLE (Line Drive, 7LM, EV 108.1 MPH) Joel Moore to third Runner from 3rd tries for Home, SAFE, no throw by LF
|
|
Batting: SHB Steve DeRienzo
|
0-0: Called Strike 0-1: Ball Wild Pitch! Trent Hedrick to third 1-1: Ball 2-1: Ball Passed Ball! Trent Hedrick scores 3-1: Base on Balls
|
|
Batting: RHB Johnny Burroughs
|
0-0: Ball 1-0: Called Strike Steve DeRienzo steals 2nd base 1-1: Fly out, F8 (Flyball, 8LD, EV 90.6 MPH)
|
|
Batting: RHB Cory Bonham
|
0-0: Foul Ball, location: 2F 0-1: Swinging Strike 0-2: Strikes out looking
|
| Top of the 2nd over - 2 runs, 2 hits, 0 errors, 1 left on base; Lakewood 2 - Peoria 0 |
| BOTTOM OF THE 2ND |
|
Peoria Chiefs batting - Pitching for Lakewood BlueClaws : RHP Tony Ferreira
|
|
Batting: RHB Tommy Tracy
|
0-0: Ball 1-0: Fly out, F5 (Popup, 5SF, EV 80.0 MPH)
|
|
Batting: RHB Bobby Miles
|
0-0: Swinging Strike 0-1: Ball 1-1: Ground out 5-3 (Groundball, 56S, EV 87.5 MPH)
|
|
Batting: RHB Richard Riggs
|
0-0: Called Strike 0-1: Swinging Strike 0-2: Ground out 1-3 (Groundball, 23, EV 70.0 MPH)
|
| Bottom of the 2nd over - 0 runs, 0 hits, 0 errors, 0 left on base; Lakewood 2 - Peoria 0 |
| TOP OF THE 3RD |
|
Lakewood BlueClaws batting - Pitching for Peoria Chiefs : RHP Nick Butler
|
|
Batting: LHB Matt Urbanek
|
0-0: Foul Ball, location: 2F 0-1: Ball 1-1: Ground out 5-3 (Groundball, 56, EV 107.5 MPH)
|
|
Batting: RHB Mike Bell
|
0-0: Ground out 5-3 (Groundball, 56, EV 109.4 MPH)
|
|
Batting: LHB Eric Farren
|
0-0: Called Strike 0-1: Foul Ball, location: 2F 0-2: TRIPLE (Flyball, 78XD, EV 102.5 MPH)
|
|
Batting: RHB Victor Arias
|
0-0: Called Strike 0-1: Ball 1-1: Called Strike 1-2: Foul Ball, location: 2F 1-2: Foul Ball, location: 2F 1-2: DOUBLE (Line Drive, 5D, EV 98.8 MPH) Eric Farren scores
|
|
Batting: LHB Joel Moore
|
0-0: Ball 1-0: Swinging Strike 1-1: Called Strike 1-2: Foul Ball, location: 2F 1-2: Ground out 4-3 (Groundball, 4, EV 84.4 MPH)
|
| Top of the 3rd over - 1 run, 2 hits, 0 errors, 1 left on base; Lakewood 3 - Peoria 0 |
| BOTTOM OF THE 3RD |
|
Peoria Chiefs batting - Pitching for Lakewood BlueClaws : RHP Tony Ferreira
|
|
Batting: RHB Herbert Loveless
|
0-0: Foul Ball, location: 2F 0-1: Foul Ball, location: 2F 0-2: Ball 1-2: Fly out, F8 (Line Drive, 8LM, EV 84.4 MPH)
|
|
Batting: SHB Hank Arias
|
0-0: Ground out 6-3 (Groundball, 6S, EV 83.1 MPH)
|
|
Batting: RHB Robby Hickman
|
0-0: Foul Ball, location: 2F 0-1: Foul Ball, location: 2F 0-2: Ball 1-2: Ball 2-2: SINGLE (Flyball, 4MD, EV 95.0 MPH)
|
|
Batting: LHB Ken Morehead
|
0-0: Ball 1-0: Called Strike 1-1: Ball 2-1: Fly out, F8 (Line Drive, 8LD, EV 94.4 MPH)
|
| Bottom of the 3rd over - 0 runs, 1 hit, 0 errors, 1 left on base; Lakewood 3 - Peoria 0 |
| TOP OF THE 4TH |
|
Lakewood BlueClaws batting - Pitching for Peoria Chiefs : RHP Nick Butler
|
|
Batting: RHB Trent Hedrick
|
0-0: Ball 1-0: Foul Ball, location: 2F 1-1: Ground out 4-3 (Groundball, 4, EV 100.6 MPH)
|
|
Batting: SHB Steve DeRienzo
|
0-0: Foul Ball, location: 2F 0-1: Ball 1-1: Called Strike 1-2: Strikes out swinging
|
|
Batting: RHB Johnny Burroughs
|
0-0: Ball 1-0: Ball 2-0: Foul Ball, location: 2F 2-1: Foul Ball, location: 2F 2-2: Foul Ball, location: 2F 2-2: Strikes out looking
|
| Top of the 4th over - 0 runs, 0 hits, 0 errors, 0 left on base; Lakewood 3 - Peoria 0 |
| BOTTOM OF THE 4TH |
|
Peoria Chiefs batting - Pitching for Lakewood BlueClaws : RHP Tony Ferreira
|
|
Batting: RHB Ricky Yerzy
|
0-0: Swinging Strike 0-1: Ball 1-1: Ball 2-1: Swinging Strike 2-2: Reached on error, E6 (Groundball, 6, EV 81.2 MPH)
|
|
Batting: SHB Gerardo Macias
|
0-0: Ball 1-0: Ball 2-0: Called Strike 2-1: Ball 3-1: Called Strike 3-2: Base on Balls Ricky Yerzy to second
|
|
Batting: RHB Tommy Tracy
|
0-0: Ball 1-0: Fielders Choice at 2nd, 5-4 (Groundball, 56, EV 93.8 MPH) Ricky Yerzy to third
|
|
Batting: RHB Bobby Miles
|
0-0: Ball 1-0: Swinging Strike 1-1: Ball 2-1: Swinging Strike 2-2: Hit by Pitch Tommy Tracy to second
|
|
Batting: RHB Richard Riggs
|
0-0: Called Strike 0-1: Fielders Choice at 2nd, 5-4 (Groundball, 5, EV 87.5 MPH) Ricky Yerzy scores Tommy Tracy to third
|
|
Batting: RHB Herbert Loveless
|
0-0: Reached on error, E5 (Groundball, 56S, EV 87.5 MPH) Tommy Tracy scores Richard Riggs to second
|
|
Batting: SHB Hank Arias
|
0-0: Ball 1-0: Ball 2-0: Ball 3-0: Base on Balls Richard Riggs to third Herbert Loveless to second
|
|
Batting: RHB Robby Hickman
|
0-0: Ball 1-0: Ball 2-0: Ball 3-0: Base on Balls Richard Riggs scores Herbert Loveless to third Hank Arias to second
|
|
Batting: LHB Ken Morehead
|
0-0: Ball 1-0: Ball 2-0: Ball 3-0: Base on Balls Herbert Loveless scores Hank Arias to third Robby Hickman to second
|
|
Batting: RHB Ricky Yerzy
|
0-0: Swinging Strike 0-1: Ball 1-1: Called Strike 1-2: Foul Ball, location: 2F 1-2: Foul Ball, location: 2F 1-2: Strikes out looking
|
| Bottom of the 4th over - 4 runs, 0 hits, 2 errors, 3 left on base; Lakewood 3 - Peoria 4 |
| TOP OF THE 5TH |
|
Lakewood BlueClaws batting - Pitching for Peoria Chiefs : RHP Nick Butler
|
|
Batting: RHB Cory Bonham
|
0-0: Foul Ball, location: 2F 0-1: Ground out 3-1 (Groundball, 34, EV 80.6 MPH)
|
|
Batting: LHB Matt Urbanek
|
0-0: Called Strike 0-1: Ball 1-1: Foul Ball, location: 2F 1-2: Ball 2-2: SINGLE (Groundball, 5D, EV 107.5 MPH)
|
|
Batting: RHB Mike Bell
|
0-0: Called Strike Matt Urbanek is caught stealing 2nd base 2-4 0-1: Ball 1-1: Called Strike 1-2: Fly out, F8 (Flyball, 8LXD, EV 106.9 MPH)
|
| Top of the 5th over - 0 runs, 1 hit, 0 errors, 0 left on base; Lakewood 3 - Peoria 4 |
| BOTTOM OF THE 5TH |
|
Peoria Chiefs batting - Pitching for Lakewood BlueClaws : RHP Tony Ferreira
|
|
Batting: SHB Gerardo Macias
|
0-0: Swinging Strike 0-1: Called Strike 0-2: Fly out, F8 (Flyball, 8RD, EV 100.0 MPH)
|
|
Pitching: RHP Jeff van Schaik
|
|
|
Batting: RHB Tommy Tracy
|
0-0: Hit by Pitch
|
|
Batting: RHB Bobby Miles
|
0-0: Foul Ball, location: 2F 0-1: Fly out, F8 (Line Drive, 8LM, EV 110.0 MPH)
|
|
Batting: RHB Richard Riggs
|
0-0: Called Strike Tommy Tracy is caught stealing 2nd base 2-4
|
| Bottom of the 5th over - 0 runs, 0 hits, 0 errors, 0 left on base; Lakewood 3 - Peoria 4 |
| TOP OF THE 6TH |
|
Lakewood BlueClaws batting - Pitching for Peoria Chiefs : RHP Nick Butler
|
|
Batting: LHB Eric Farren
|
0-0: Ball 1-0: Foul Ball, location: 2F 1-1: Foul Ball, location: 2F 1-2: Foul Ball, location: 2F 1-2: Ball 2-2: Ball 3-2: Base on Balls
|
|
Batting: RHB Victor Arias
|
0-0: Ball 1-0: Fly out, F8 (Flyball, 8RM, EV 97.5 MPH)
|
|
Batting: LHB Joel Moore
|
0-0: Grounds into double play, 4-6-3 (Groundball, 4D, EV 104.4 MPH)
|
| Top of the 6th over - 0 runs, 0 hits, 0 errors, 0 left on base; Lakewood 3 - Peoria 4 |
| BOTTOM OF THE 6TH |
|
Peoria Chiefs batting - Pitching for Lakewood BlueClaws : RHP Jeff van Schaik
|
|
Batting: RHB Richard Riggs
|
0-0: Ground out 5-3 (Groundball, 5, EV 101.2 MPH)
|
|
Batting: RHB Herbert Loveless
|
0-0: Ball 1-0: Called Strike 1-1: Ground out 6-3 (Groundball, P, EV 90.6 MPH)
|
|
Batting: SHB Hank Arias
|
0-0: Ball 1-0: Foul Ball, location: 2F 1-1: Ball 2-1: Ball 3-1: Foul Ball, location: 2F 3-2: Strikes out looking
|
| Bottom of the 6th over - 0 runs, 0 hits, 0 errors, 0 left on base; Lakewood 3 - Peoria 4 |
| TOP OF THE 7TH |
|
Lakewood BlueClaws batting - Pitching for Peoria Chiefs : RHP Nick Butler
|
|
Batting: RHB Trent Hedrick
|
0-0: Called Strike 0-1: Ball 1-1: Ball 2-1: Ground out U3 (Groundball, 3, EV 96.9 MPH)
|
|
Batting: SHB Steve DeRienzo
|
0-0: Called Strike 0-1: Foul Ball, location: 2F 0-2: Fly out, F8 (Flyball, 8LM, EV 86.2 MPH)
|
|
Batting: RHB Johnny Burroughs
|
0-0: SINGLE (Groundball, 56D, EV 109.4 MPH)
|
|
Pitching: RHP Eric Hudson
|
|
|
Batting: RHB Cory Bonham
|
0-0: Called Strike 0-1: Ball 1-1: Foul Ball, location: 2F 1-2: Strikes out looking
|
| Top of the 7th over - 0 runs, 1 hit, 0 errors, 1 left on base; Lakewood 3 - Peoria 4 |
| BOTTOM OF THE 7TH |
|
Peoria Chiefs batting - Pitching for Lakewood BlueClaws : RHP Jeff van Schaik
|
|
Pitching: RHP Ramon Mena
|
|
|
Batting: RHB Robby Hickman
|
0-0: Fly out, F7 (Flyball, 78S, EV 92.5 MPH)
|
|
Batting: LHB Ken Morehead
|
0-0: Swinging Strike 0-1: Foul Ball, location: 2F 0-2: SINGLE (Line Drive, 89S, EV 95.6 MPH)
|
|
Batting: RHB Ricky Yerzy
|
0-0: Called Strike 0-1: Swinging Strike 0-2: Foul Ball, location: 2F 0-2: SINGLE (Groundball, 34D, EV 95.6 MPH) Ken Morehead to second Runner from 2nd tries for 3rd, SAFE, throw by RF made to third
|
|
Batting: SHB Gerardo Macias
|
0-0: Ball 1-0: Called Strike Ricky Yerzy is caught stealing 2nd base 2-6 1-1: Intentional Walk
|
|
Batting: RHB Tommy Tracy
|
0-0: Swinging Strike 0-1: Fly out, F7 (Line Drive, 7LM, EV 88.1 MPH)
|
| Bottom of the 7th over - 0 runs, 2 hits, 0 errors, 2 left on base; Lakewood 3 - Peoria 4 |
| TOP OF THE 8TH |
|
Lakewood BlueClaws batting - Pitching for Peoria Chiefs : RHP Eric Hudson
|
|
Batting: LHB Matt Urbanek
|
0-0: Called Strike 0-1: Ball 1-1: Ball 2-1: Ball 3-1: Base on Balls
|
|
Batting: RHB Mike Bell
|
0-0: Fly out, F8 (Line Drive, 89M, EV 97.5 MPH)
|
|
Batting: LHB Eric Farren
|
0-0: Called Strike 0-1: Swinging Strike 0-2: Ball 1-2: Ball 2-2: Strikes out swinging
|
|
Batting: RHB Victor Arias
|
0-0: Called Strike 0-1: Foul Ball, location: 2F 0-2: Ball 1-2: Foul Ball, location: 2F 1-2: Ball 2-2: Ball 3-2: Ground out 4-3 (Groundball, 4, EV 81.9 MPH)
|
| Top of the 8th over - 0 runs, 0 hits, 0 errors, 1 left on base; Lakewood 3 - Peoria 4 |
| BOTTOM OF THE 8TH |
|
Peoria Chiefs batting - Pitching for Lakewood BlueClaws : RHP Ramon Mena
|
|
Batting: RHB Bobby Miles
|
0-0: Ball 1-0: Called Strike 1-1: Called Strike 1-2: Ball 2-2: Ground out 4-3 (Groundball, 4, EV 89.4 MPH)
|
|
Batting: RHB Richard Riggs
|
0-0: Ground out 4-3 (Groundball, 4, EV 82.5 MPH)
|
|
Batting: RHB Herbert Loveless
|
0-0: Ball 1-0: Foul Ball, location: 2F 1-1: Foul Ball, location: 2F 1-2: Ground out 6-3 (Groundball, 6M, EV 109.4 MPH)
|
| Bottom of the 8th over - 0 runs, 0 hits, 0 errors, 0 left on base; Lakewood 3 - Peoria 4 |
| TOP OF THE 9TH |
|
Lakewood BlueClaws batting - Pitching for Peoria Chiefs : RHP Eric Hudson
|
|
Pitching: LHP Nick Suggett
|
|
|
Batting: LHB Joel Moore
|
0-0: Called Strike 0-1: Ball 1-1: Ball 2-1: Foul Ball, location: 2F 2-2: Ball 3-2: Strikes out looking
|
|
Batting: RHB Trent Hedrick
|
0-0: Foul Ball, location: 2F 0-1: Ball 1-1: Ball 2-1: Swinging Strike 2-2: Ball 3-2: Ground out 6-3 (Groundball, 6, EV 103.8 MPH)
|
|
Batting: SHB Steve DeRienzo
|
0-0: Foul Ball, location: 2F 0-1: Swinging Strike 0-2: Ball 1-2: Foul Ball, location: 2F 1-2: Ground out 6-3 (Groundball, 6S, EV 85.0 MPH)
|
| Top of the 9th over - 0 runs, 0 hits, 0 errors, 0 left on base; Lakewood 3 - Peoria 4 |
|